 Dungeon Crawl Stone Soup version 0.18.1-50-g88ac8fd (webtiles) character file.

304 magog001 the Chucker (level 6, 0/57 HPs)
             Began as a Centaur Assassin on Sept 17, 2017.
             Slain by Pikel
             ... wielding a +2 whip of electrocution
              (4 damage)
             ... on level 4 of the Dungeon.
             The game lasted 00:23:03 (4912 turns).

magog001 the Chucker (Centaur Assassin)             Turns: 4912, Time: 00:23:05

Health: 0/57       AC: 11    Str: 16    XL:     6   Next: 15%
Magic:  6/6        EV: 11    Int: 10    God:
Gold:   63         SH:  0    Dex: 10    Spells: 0 memorised, 5 levels left

rFire  + . .     SeeInvis .     m - +1 flail (protect)
rCold  . . .     Gourm    .     c - +0 robe
rNeg   . . .     Faith    +     (no shield)
rPois  .         Spirit   .     j - +0 helmet
rElec  .         Dismiss  .     d - +0 cloak
rCorr  .         Reflect  .     (no gloves)
SustAt .         Harm     .     (no barding)
MR     .....                    i - amulet of faith
Stlth  ++........               (no ring)
                                (no ring)

@: very quick, not resistant to hostile enchantments, unstealthy
A: hooves 3, deformed body, fire resistance 1, speed 2, tough skin 3
a: no special abilities


You were on level 4 of the Dungeon.
You were not hungry.

You visited 1 branch of the dungeon, and saw 4 of its levels.

You collected 63 gold pieces.

Inventory:

Hand Weapons
 a - a +2 dagger
 b - a +0 blowgun
 m - a +1 flail of protection (weapon)
Missiles
 e - 6 poisoned needles
 f - 2 curare-tipped needles
Armour
 c - a +0 robe (worn)
 d - a +0 cloak (worn)
 j - a +0 helmet (worn)
 r - a +0 ring mail
Jewellery
 i - an amulet of faith (around neck)
Wands
 k - a wand of random effects (28/48)
 s - a wand of iceblast (5/15)
Scrolls
 l - a scroll of remove curse
 n - a scroll of identify
 t - a scroll of enchant weapon {unknown}
Potions
 h - a potion of brilliance
 o - a potion of agility {unknown}
 q - a potion of curing
Comestibles
 g - 2 bread rations
 p - 5 chunks of flesh


   Skills:
 * Level 5.6 Fighting
 - Level 4.9 Short Blades
 * Level 0.3 Maces & Flails
 * Level 6.6 Throwing
 * Level 4.2 Dodging
 + Level 5.0 Stealth


You had 5 spell levels left.
You didn't know any spells.

Dungeon Overview and Level Annotations

Branches:
Dungeon (4/15)
 Temple: D:4-7

Altars:
Dithmenos
Nemelex Xobeh

Annotations:
D:4 Pikel


Innate Abilities, Weirdness & Mutations

You have hooves in place of feet.
Armour fits poorly on your strangely shaped body.
You cover ground very quickly.
You have extremely tough skin (AC +3).
Your flesh is heat resistant.


Message History

Aim: Pikel, wielding a whip of electrocution and wearing a robe The mass of ice explodes!
The iceblast engulfs Pikel.
Pikel is moderately wounded.
This wand has 6 charges left.
You hear a shout! x2
Evoke which item? (* to show all) (? for menu, Esc to quit)
Zapping:
s - a wand of iceblast (6/15)
Press: ? - help, Shift-Dir - straight line, f/p - Pikel
Aim: Pikel, wielding a whip of electrocution and wearing a robe (moderately wounded)
The mass of ice explodes!
The iceblast engulfs Pikel.
Pikel is moderately wounded.
This wand has 5 charges left.
You hit Pikel but do no damage. Your kick misses Pikel.
Pikel is moderately wounded.
Pikel hits you with a whip of electrocution!
* * * LOW HITPOINT WARNING * * *
You are electrocuted!
* * * LOW HITPOINT WARNING * * *
Pikel hits you with a whip of electrocution.
You die...

##.# #.<# #.##
#.# #.# #.#
..######.######
...........)....
#######@########
#K##.. #p##.#
#p##.## #.##..##
#p##.#.##
#..[Kp#.######
####p(...†...#
.....p.......#.#


You could see Pikel and 3 slaves.

Vanquished Creatures
  A slave (D:4)
  An ogre (D:4)
  3 gnolls (D:3)
  4 adders
  An ooze (D:2)
  2 worms (D:3)
  A dart slug (D:2)
  3 giant geckos
  8 bats
  4 giant cockroaches
  5 goblins
  9 hobgoblins
  10 kobolds
  A quokka (D:2)
  A ball python (D:2)
  4 giant newts
  10 rats
68 creatures vanquished.

Notes
Turn   | Place    | Note
--------------------------------------------------------------
     0 | D:1      | magog001 the Centaur Assassin began the quest for the Orb.
     0 | D:1      | Reached XP level 1. HP: 17/17 MP: 1/1
   496 | D:1      | Reached XP level 2. HP: 24/24 MP: 2/2
  1771 | D:2      | Reached XP level 3. HP: 30/30 MP: 3/3
  1828 | D:2      | Reached skill level 1 in Dodging
  1874 | D:2      | Reached skill level 3 in Throwing
  1904 | D:2      | Gained mutation: Your flesh is heat resistant. [potion of mutation]
  1904 | D:2      | Gained mutation: You are clumsy. (Dex -2) [potion of mutation]
  1904 | D:2      | Lost mutation: You are clumsy. (Dex -2) [potion of mutation]
  2453 | D:2      | Reached XP level 4. HP: 36/37 MP: 4/4
  2671 | D:3      | Reached skill level 5 in Fighting
  2671 | D:3      | Reached skill level 6 in Throwing
  2671 | D:3      | Reached skill level 5 in Stealth
  2671 | D:3      | Reached XP level 5. HP: 49/49 MP: 5/5
  2896 | D:3      | Found a shadowy altar of Dithmenos.
  2926 | D:3      | Found a sparkling altar of Nemelex Xobeh.
  2939 | D:3      | HP: 2/49 [gnoll/halberd (5)]
  4250 | D:3      | Found a faded altar to an unknown god.
  4873 | D:4      | Noticed a slave
  4875 | D:4      | Noticed an ogre
  4879 | D:4      | Noticed a slave
  4879 | D:4      | Noticed a slave
  4892 | D:4      | Noticed Pikel
  4893 | D:4      | Noticed a slave
  4900 | D:4      | Killed a slave
  4909 | D:4      | Killed an ogre
  4909 | D:4      | Reached XP level 6. HP: 21/57 MP: 6/6
  4912 | D:4      | Slain by Pikel

Skill      XL: |  1  2  3  4 |
---------------+-------------+-----
Dodging        | 1 4 |  4.2
Throwing       | 3 6 |  6.6
Stealth        | 3 5 |  5.0
Fighting       | 5 |  5.6
Short Blades   | 4 |  4.9
Maces & Flails | |  0.3

Action                   |  1- 3 |  4- 6 || total
-------------------------+-------+-------++-------
Melee: Dagger            |   103 |    61 ||   164
       Kick              |    26 |    23 ||    49
       Flail             |       |    43 ||    43
 Fire: Blowgun           |    15 |    21 ||    36
Evoke: Wand              |       |     4 ||     4
  Use: Scroll            |     1 |     6 ||     7
       Potion            |     4 |     2 ||     6
 Stab: Sleeping          |     1 |     3 ||     4
  Eat: Chunk             |     2 |     2 ||     4
       Bread ration      |     1 |       ||     1
       Fruit             |       |     1 ||     1
Armor: Robe              |    36 |    37 ||    73
Dodge: Dodged            |    41 |    58 ||    99
